 Dungeon Crawl Stone Soup version 0.27.0-1-g7a089689b8 (webtiles) character file.

Game seed: 16962126806801308984

611 SnakkuSnakku7 the Caller (level 7, 0/72 (75) HPs)
             Began as a Demigod Summoner on Aug 3, 2021.
             Slain by a wight (5 damage)
             ... on level 6 of the Dungeon.
             The game lasted 00:07:54 (6941 turns).

SnakkuSnakku7 the Caller (Demigod Summoner)         Turns: 6941, Time: 00:07:54

HP:   0/72 (75)     AC: 27    Str: 13    XL:     7   Next: 0%
MP:   12/12         EV:  2    Int: 21    God:
Gold: 333           SH:  0    Dex: 14    Spells: 5/9 levels left

rFire    . . .     SeeInvis .   v - +0 morningstar
rCold    . . .     Faith    .   (no shield)
rNeg     + + +     Spirit   .   (armour currently unavailable)
rPois    +         Reflect  .   (helmet currently unavailable)
rElec    .         Harm     .   (cloak currently unavailable)
rCorr    .         Rampage  .   (gloves currently unavailable)
Will     .....     NoTele   +   (boots currently unavailable)
Stlth    ++........             b - amulet of the acrobat
HPRegen  0.22/turn              f - +4 ring of protection
MPRegen  0.13/turn              (no ring)

@: tree-form, lightly drained
A: stationary, stasis, torment immunity, boosted hp, high mp 1, forlorn
a: no special abilities


You were on level 6 of the Dungeon.
You were a tree.
You visited 1 branch of the dungeon, and saw 6 of its levels.

You collected 333 gold pieces.

Inventory:

Hand Weapons
 c - a +0 club
 e - a +0 mace
 p - a +0 quarterstaff
 v - a +0 morningstar (weapon)
Missiles
 s - 43 poisoned darts
 y - 2 throwing nets
Armour
 a - a +0 robe
 d - a +0 ring mail of cold resistance (melded)
 i - a +0 helmet (melded)
 r - a +0 leather armour
 x - a +0 chain mail
Jewellery
 b - an amulet of the acrobat (around neck)
 f - a +4 ring of protection (left branch)
 h - a ring of flight
Wands
 u - a wand of flame (12)
Scrolls
 j - a scroll of enchant weapon {unknown}
 l - 2 scrolls of fear {unknown}
 o - a scroll of enchant armour
Potions
 g - 4 potions of flight {unknown}
 k - a potion of resistance
 m - a potion of lignification
 q - a potion of invisibility
 t - a potion of brilliance
 w - a potion of mutation


   Skills:
 + Level 4.2 Maces & Flails
 - Level 1.7 Dodging
 - Level 1.7 Stealth
 - Level 1.7 Spellcasting
 - Level 6.6 Summonings
 - Level 0.4 Air Magic


You had 5 spell levels left.
You knew the following spells:

 Your Spells              Type           Power      Damage    Failure   Level
a - Summon Small Mammal   Summ           100%       N/A       1%          1
z - Call Canine Familiar  Summ           29%        N/A       3%          3

Your spell library contained the following spells:

 Spells                   Type           Power      Damage    Failure   Level
 Call Imp                 Summ           29%        N/A       1%          2
 Summon Guardian Golem    Hex/Summ       15%        N/A       12%         3
 Ensorcelled Hibernation  Hex/Ice        2%         N/A       22%         2
 Sublimation of Blood     Necr           0%         N/A       22%         2
 Summon Lightning Spire   Summ/Air       16%        N/A       34%         4
 Spider Form              Tmut/Pois      0%         N/A       41%         3
 Petrify                  Tmut/Erth      1%         N/A       83%         4
 Irradiate                Conj/Tmut      0%         3d14      99%         5
 Shadow Creatures         Summ           N/A        N/A       83%         6


Dungeon Overview and Level Annotations

Branches:
Dungeon (6/15)             Temple (0/1) D:5

Annotations:
D:5 Sigmund


Innate Abilities, Weirdness & Mutations

You are a tree.
Your roots penetrate the ground, keeping you stationary.
You cannot be teleported.
You are immune to unholy pain and torment.
Your maximum health is greatly increased.
Your equipment is partially melded.
Your attributes grow dramatically as you level up.
You have an increased reservoir of magic. (+10% MP)
You shall have no god before yourself.


Message History

You hit the wight but do no damage.
The wight is moderately damaged.
The wight hits you but does no damage.
The wight hits you with a +0 short sword.
You hit the wight but do no damage.
The wight is moderately damaged.
The wight hits you but does no damage. x2
You completely miss the wight.
The wight is moderately damaged.
You hear the brisk hiss of a very distant avalanche of sand.
The wight hits you with a +5 halberd!
The wight hits you with a +0 short sword.
You barely miss the wight.
The wight is moderately damaged.
The wight hits you but does no damage. x2
You hit the wight.
The wight is heavily damaged.
The wight barely misses you.
The wight hits you with a +0 short sword.
* * * LOW HITPOINT WARNING * * *
The wight hits you but does no damage. x2
Unknown command.
You closely miss the wight.
The wight is heavily damaged.
The wight hits you but does no damage.
The wight hits you with a +0 short sword.
* * * LOW HITPOINT WARNING * * *
You closely miss the wight.
The wight is heavily damaged.
The wight hits you with a +5 halberd.
* * * LOW HITPOINT WARNING * * *
The wight hits you but does no damage.
You closely miss the wight.
The wight is heavily damaged.
The wight hits you but does no damage. The wight hits you with a +5 halberd.
* * * LOW HITPOINT WARNING * * *
The wight hits you with a +0 short sword!
* * * LOW HITPOINT WARNING * * *
The wight hits you with a +5 halberd.
You die...

## .## ##..## ####....#
######.#...[#
#.......#...# .
#.....#z#z.## ..
##....♣##..##...
####..z.........
###......#.....
##..............
#####...............
#............#......
#####...##..............
#..##.#..#..##........#
##.....#........#..##..#


You could see 2 wights.

Vanquished Creatures
  2 scorpions
  An iguana (D:4)
  A hound zombie (D:5)
  Robin (D:1)
  7 adders
  A worm (D:2)
  2 dart slugs
  3 orcs (D:6)
  7 ball pythons
  7 endoplasms
  5 giant cockroaches
  13 goblins
  9 hobgoblins
  4 jackals (D:1)
  2 quokkas
  6 bats
  3 frilled lizards (D:1)
  23 kobolds
  2 rats
99 creatures vanquished.

Vanquished Creatures (collateral kills)
  2 necrophages (D:6)
  A kobold brigand (D:4)
  A scorpion (D:6)
  A bullfrog zombie (D:6)
  An orc priest (D:6)
  A worm (D:1)
  A goblin (D:2)
  A kobold (D:1)
9 creatures vanquished.

Vanquished Creatures (others)
  3 fungi (D:2)
  50 plants (D:4)
  3 toadstools (D:2)
56 creatures vanquished.

Grand Total: 164 creatures vanquished

Notes
Turn   | Place    | Note
-------+----------+-------------------------------------------
     0 | D:1      | SnakkuSnakku7 the Demigod Summoner began the quest for the
                  | Orb.
     0 | D:1      | Reached XP level 1. HP: 14/14 MP: 5/5
   592 | D:1      | Reached skill level 4 in Summonings
   710 | D:1      | Reached XP level 2. HP: 19/20 MP: 7/7
  1662 | D:2      | Reached XP level 3. HP: 26/26 MP: 8/8
  1666 | D:2      | Learned a level 3 spell: Call Canine Familiar
  1699 | D:2      | Noticed Robin
  1814 | D:1      | Killed Robin
  1935 | D:1      | Reached skill level 5 in Summonings
  2394 | D:2      | Reached XP level 4. HP: 31/33 MP: 9/9
  3810 | D:4      | Noticed a kobold brigand
  4515 | D:4      | Killed a kobold brigand
  4516 | D:4      | Reached skill level 6 in Summonings
  4516 | D:4      | Reached XP level 5. HP: 8/38 MP: 6/10
  5910 | D:4      | Reached skill level 1 in Maces & Flails
  6397 | D:5      | Entered Level 5 of the Dungeon
  6595 | D:5      | Found a staircase to the Ecumenical Temple.
  6647 | D:5      | Reached XP level 6. HP: 45/45 MP: 11/11
  6684 | D:5      | Noticed Sigmund
  6684 | D:5      | Noticed a wyvern
  6901 | D:6      | Reached XP level 7. HP: 28/50 MP: 12/12
  6941 | D:6      | Slain by a wight

Illustrated notes

Levels and vault maps discovered:
D:1:      shiori_arrival_oz, layout_basic, minmay_misc_feat_doors,
          hangedman_decor_diamond_cutter
D:2:      layout_basic, minmay_gold_behind_fungi, uniq_robin
D:3:      layout_loops_ring
D:4:      kennysheep_kobold_camp, layout_layer_cave,
          nicolae_overflow_hidden_temple, grunt_qazlal_clouds
D:5:      layout_loops_ring, temple_pool_b, columned_hall_lemuel, uniq_grinder,
          uniq_sigmund
D:6:      layout_cave_pools, enter_ossuary_1

Skill      XL: |  1  2  3  4  5  6 |
---------------+-------------------+-----
Summonings     | 4 5 6 |  6.6
Maces & Flails | 2 4 |  4.2
Dodging        | |  1.7
Stealth        | |  1.7
Spellcasting   | |  1.7
Air Magic      | |  0.4

Action                   |  1- 3 |  4- 6 |  7- 9 || total
-------------------------+-------+-------+-------++-------
Melee: Mace              |   157 |     8 |       ||   165
       Club              |    10 |       |       ||    10
       Unarmed           |     1 |       |       ||     1
       Quarterstaff      |       |   164 |       ||   164
       Morningstar       |       |    56 |    14 ||    70
 Cast: Summon Small Mamm |    10 |     1 |       ||    11
       Call Canine Famil |     1 |     5 |     1 ||     7
  Use: Scroll            |       |     7 |       ||     7
       Potion            |       |       |     2 ||     2
 Stab: Sleeping          |     4 |     7 |       ||    11
       Distracted        |       |     2 |       ||     2
Armor: Robe              |    97 |     9 |       ||   106
       Leather armour    |       |    88 |       ||    88
       Ring mail         |       |    11 |       ||    11
       Skin              |       |       |    15 ||    15
Dodge: Dodged            |   190 |   194 |     4 ||   388
